 Dungeon Crawl Stone Soup version 0.31-a0-654-gbe3e110b4e (webtiles) character file.

Game seed: 17816084053847523319

854 subawu the Digger (level 7, -7/50 HPs)
             Began as a Green Draconian Earth Elementalist on Aug 29, 2023.
             Mangled by an ice beast (9 damage)
             ... on level 5 of the Dungeon.
             The game lasted 00:29:04 (4835 turns).

subawu the Digger (DrEE)                            Turns: 4835, Time: 00:29:04

Health: -7/50      AC:  6    Str: 10 (12) XL:     7   Next: 70%
Magic:  11/13      EV: 13    Int: 16      God:
Gold:   243        SH:  0    Dex: 11      Spells: 11/14 levels left

rFire   . . .        e - +12 broad axe "Gietimm" {pain, rElec rCorr SInv}
rCold   . . .        (no shield)
rNeg    . . .        (body armour unavailable)
rPois   +            (helmet restricted)
rElec   +            (no cloak)
rCorr   +            (no gloves)
SInv    +            (no boots)
Will    .....        (no amulet)
Stlth   ++           d - ring of resist corrosion
HPRegen 0.28/turn    (no ring)
MPRegen 0.13/turn

%: no passive effects
@: short of breath, slowed, very slow
A: breathe noxious fumes, AC +6, unfitting armour, poison resistance,
cold-blooded
a: Breathe Noxious Fumes


You were on level 5 of the Dungeon.
You visited 1 branch of the dungeon, and saw 5 of its levels.

You collected 243 gold pieces.

Inventory:

Hand Weapons
 b - a +0 whip
 e - the +12 broad axe "Gietimm" (weapon) {pain, rElec rCorr SInv}
   (You acquired it on level 2 of the Dungeon)

   rElec:     It insulates you from electricity.
   SInv:      It lets you see invisible.
   rCorr:     It protects you from acid and corrosion.
 f - a +1 dagger of flaming
 g - a +2 dagger of venom
 l - the +8 flail "Bopnop" {heavy, rN+ Str+3 Int+3}
   (You found it on level 2 of the Dungeon)

   Str+3:     It affects your strength (+3).
   Int+3:     It affects your intelligence (+3).
   rN+:       It protects you from negative energy.
 n - a +0 quarterstaff
 q - a +2 dagger of pain
Missiles
 w - a throwing net
 y - 31 stones
 A - 10 atropa-tipped darts
 B - 8 poisoned darts
Armour
 t - a scarf of invisibility
Jewellery
 d - a ring of resist corrosion (left hand)
 z - an amulet of reflection
Wands
 r - a wand of flame (7)
Scrolls
 k - 2 scrolls of identify
 v - a scroll of immolation
Potions
 a - 2 potions of magic
 c - 3 potions of curing
 h - a potion of invisibility
 m - a potion of attraction
 o - a potion of heal wounds
 p - 2 potions of might
 s - 2 potions of lignification


   Skills:
 + Level 3.9 Dodging
 + Level 4.2 Stealth
 + Level 4.0 Spellcasting
 + Level 3.8 Transmutations
 + Level 4.9 Earth Magic


You had 11 spell levels left.
You knew the following spells:

 Your Spells              Type           Power      Damage    Failure   Level
a - Sandblast             Erth           36%        2d10      2%          1
b - Passwall              Tmut/Erth      14%        N/A       4%          2

Your spell library contained the following spells:

 Spells                   Type           Power      Damage    Failure   Level
 Stone Arrow              Conj/Erth      22%        3d8       19%         3
 Lesser Beckoning         Tloc           6%         N/A       26%         2
 Petrify                  Tmut/Erth      17%        N/A       28%         4
 Gell's Gravitas          Tloc           3%         N/A       45%         3
 Teleport Other           Tloc           3%         N/A       45%         3


Dungeon Overview and Level Annotations

Branches:
Dungeon (5/15)
 Temple: D:4-7

Altars:

Shops:
D:2 ?   D:3 !

Annotations:
D:1 1 runed translucent door
D:5 Eustachio


Innate Abilities, Weirdness & Mutations

You can breathe blasts of noxious fumes.
Your lurid green scales are hard. (AC +6)
You cannot fit into any form of body armour.
Your system is resistant to poisons. (rPois)
You are cold-blooded and may be slowed by cold attacks.


Message History

You exhale a blast of noxious fumes.
The blast of choking fumes misses Eustachio.
The blast of choking fumes hits the ice beast.
The ice beast completely resists.
Eustachio is engulfed in noxious fumes.
Eustachio closely misses you.
The river rat bites you but does no damage.
You slash Eustachio!
Eustachio is heavily wounded.
You slash the ice beast! You barely miss the river rat.
Eustachio is engulfed in noxious fumes.
Eustachio appears confused.
Eustachio closely misses you. The ice beast closely misses you.
The river rat barely misses you. The ice beast hits you.
The ice beast freezes you!
Eustachio is engulfed in noxious fumes.
Eustachio appears confused.
Eustachio hits you with a +2 rapier of electrocution!
You catch the helpless Eustachio completely off-guard!
You hit Eustachio.
Eustachio is heavily wounded.
You closely miss the river rat. You barely miss the ice beast.
The river rat bites you but does no damage.
The ice beast closely misses you.
Eustachio is engulfed in noxious fumes.
Eustachio appears confused.
Eustachio barely misses you. The river rat bites you.
Casting: Sandblast (safe; 2% risk of failure)
Confirm with . or Enter, or press ? or * to list all spells.
Aiming: Sandblast (safe; 2% risk of failure)
Press: ? - help, Shift-Dir - straight line, f/p - ice beast
Aim: an ice beast (heavily wounded, 82% to hit)
The blast of sand hits the ice beast.
The ice beast is severely wounded.
Eustachio is engulfed in noxious fumes.
Eustachio hits you with a +2 rapier of electrocution.
The ice beast hits you.
* * * LOW HITPOINT WARNING * * *
The ice beast freezes you!
* * * LOW HITPOINT WARNING * * *
The river rat barely misses you. The ice beast hits you.
* * * LOW HITPOINT WARNING * * *
The ice beast freezes you!
You feel yourself slow down.
You die...

#........# ......
#........# ......
#........# ......
#........######
......
#.............#
.#####
#.............# .#
#
#.............#..#
#
#..<.#.##........#
#
#.......#..@..#..#
# #....#..#.r@Y.#
.# #....#. #.....#
# .. ....°....
..#./°.....
#..#.......... #.
#.......... #
########.##


You could see Eustachio (confused), an ice beast and a river rat (summoned).

Vanquished Creatures
  An ice beast (D:5)
  A black bear (D:5)
  A scorpion (D:3)
  2 jellies (D:5)
  3 orc priests (D:5)
  5 hounds
  2 iguanas
  Robin (D:2)
  4 gnolls (D:3)
  10 adders
  A white imp (D:5)
  2 worms
  8 dart slugs
  2 orcs (D:5)
  An endoplasm (D:1)
  A giant cockroach (D:1)
  11 goblins
  11 hobgoblins
  2 jackals (D:2)
  7 ball pythons
  2 bats
  2 frilled lizards
  5 kobolds
  3 rats
88 creatures vanquished.

Notes
Turn   | Place    | Note
-------+----------+-------------------------------------------
     0 | D:1      | subawu the Draconian Earth Elementalist began the quest for
                  | the Orb.
     0 | D:1      | Reached XP level 1. HP: 14/14 MP: 3/3
     0 | D:1      | Noticed a jelly
     1 | D:1      | Found a runed translucent door.
   472 | D:1      | Reached XP level 2. HP: 20/20 MP: 3/5
   862 | D:2      | Found Ilanaptoke's Magic Scroll Boutique.
   914 | D:2      | Identified the +8 flail "Bopnop" {heavy, rN+ Str+3 Int+3}
   962 | D:2      | Reached XP level 3. HP: 19/26 MP: 3/6
  1341 | D:2      | Noticed Robin
  1342 | D:2      | Identified a scroll of acquirement
  1491 | D:2      | Killed Robin
  1586 | D:2      | Learned a level 2 spell: Passwall
  1594 | D:2      | Reached XP level 4. HP: 33/33 MP: 5/7
  1699 | D:2      | Acquired the +12 broad axe "Gietimm" {pain, rElec rCorr
                  | SInv}
  1786 | D:3      | Noticed a scorpion
  2159 | D:3      | Found Uhamul's Distillery.
  2192 | D:3      | Reached XP level 5. HP: 27/38 MP: 4/9
  2566 | D:3      | Reached XP level 6. HP: 43/45 MP: 8/10
  4200 | D:5      | Entered Level 5 of the Dungeon
  4481 | D:5      | Noticed an ice beast
  4491 | D:5      | Killed an ice beast
  4492 | D:5      | Your scales start taking on a lurid green colour.
  4492 | D:5      | Reached XP level 7. HP: 38/50 MP: 10/12
  4492 | D:5      | Gained mutation: Your system is resistant to poisons.
                  | (rPois) [Green Draconian growth]
  4828 | D:5      | Noticed Eustachio
  4835 | D:5      | HP: 2/50 [ice beast (2)]
  4835 | D:5      | Mangled by an ice beast

Illustrated notes

Levels and vault maps discovered:
D:1:      dpeg_arrival_caged_fury, layout_loops_ring
D:2:      layout_loops_cross, serial_shops, shop, dreamdust_princess_corridor,
          uniq_robin
D:3:      layout_basic, serial_shops, shop, cheibrodos_gnoll_hut
D:4:      kennysheep_slugbush, layout_basic, chequers_serial_rivers_room_a
D:5:      layout_gridville, mainiacjoe_overflow_surrounded_room, minivault_4,
          uniq_eustachio, uniq_pikel

Skill      XL: |  1  2  3  4  5  6  7 |
---------------+----------------------+-----
Stealth        | 2 3 4 |  4.2
Dodging        | 2 3 |  3.9
Transmutations | 2 3 |  3.8
Spellcasting   | 3 4 |  4.0
Earth Magic    | 4 |  4.9

Action                     |  1- 3 |  4- 6 |  7- 9 || total
---------------------------+-------+-------+-------++-------
  Melee: Dagger            |    36 |     2 |       ||    38
         Whip              |     4 |       |       ||     4
         Tailslap          |     4 |     2 |     2 ||     8
         Punch             |     1 |     1 |     1 ||     3
         Quarterstaff      |     2 |       |       ||     2
         Broad axe         |       |    47 |    15 ||    62
   Cast: Sandblast         |    40 |    56 |    10 ||   106
         Passwall          |       |     2 |       ||     2
Ability: Breathe Noxious F |       |       |     2 ||     2
    Use: Scroll            |     3 |     7 |       ||    10
         Potion            |     1 |     6 |       ||     7
   Stab: Sleeping          |     2 |       |       ||     2
         Confused          |       |       |     1 ||     1
 Armour: Skin              |    17 |    39 |    13 ||    69
  Dodge: Dodged            |    45 |    78 |    29 ||   152

Table legend: (Time is in decaauts)
 A = Elapsed time spent in this place.
 B = Non-inter-level travel time spent in this place.
 C = Inter-level travel time spent in this place.
 D = Time resting spent in this place.
 E = Time spent auto-exploring this place.
 F = Levels seen in this place.
 G = Mean time per level.
                   A        B        C        D        E       F      G
               +--------+--------+--------+--------+--------+-----+--------+
         Total |   4943 |   4759 |    184 |    918 |   2162 |   5 |  988.6 |
       Dungeon |   4943 |   4759 |    184 |    918 |   2162 |   5 |  988.6 |
               +--------+--------+--------+--------+--------+-----+--------+

Top non-repeatable levels by time:
     D:2: 1272 daAuts
     D:3: 1169 daAuts
     D:4: 1147 daAuts
     D:1: 695 daAuts
     D:5: 658 daAuts
